 Dungeon Crawl Stone Soup version 0.21-a0-434-g806c6c2 (webtiles) character file.

86 Charmandara the Ducker (level 4, -5/22 HPs)
             Began as a Spriggan Gladiator on Nov 8, 2017.
             Killed from afar by an electric eel (11 damage)
             ... with a bolt of electricity
             ... on level 3 of the Dungeon.
             The game lasted 00:05:27 (2003 turns).

Charmandara the Ducker (Spriggan Gladiator)         Turns: 2003, Time: 00:05:28

Health: -5/22      AC:  3    Str: 11    XL:     4   Next: 26%
Magic:  5/5        EV: 20    Int:  9    God:
Gold:   151        SH:  0    Dex: 17    Spells: 3/3 levels left

rFire    . . .     SeeInvis +   a - +0 quarterstaff
rCold    . . .     Gourm    .   (shield currently unavailable)
rNeg     . . .     Faith    .   b - +0 robe
rPois    .         Spirit   .   c - +1 hat
rElec    .         Reflect  .   (no cloak)
rCorr    .         Harm     .   (gloves unavailable)
MR       .....                  (boots unavailable)
Stlth    ++........             (no amulet)
HPRegen  0.07/turn              (no ring)
MPRegen  0.09/turn              (no ring)

@: very quick
A: unfitting armour, see invisible, herbivore 3, speed 3, slow metabolism 2
a: no special abilities


You were on level 3 of the Dungeon.
You were not hungry.

You visited 1 branch of the dungeon, and saw 3 of its levels.

You collected 151 gold pieces.

Inventory:

Hand Weapons
 a - a +0 quarterstaff (weapon)
Missiles
 d - 2 throwing nets (quivered) {=f, !d}
 m - 48 stones
 n - 19 poisoned needles
Armour
 b - a +0 robe (worn)
 c - a +1 hat (worn)
 i - a +0 cloak
   (You found it on level 1 of the Dungeon)
Wands
 o - a wand of flame (17/48)
   (You found it on level 3 of the Dungeon)
Scrolls
 e - a scroll of enchant armour
 g - 7 scrolls of remove curse
 h - a scroll of recharging {unknown}
 k - a scroll of fog {unknown}
 r - a scroll of noise {unknown}
Potions
 t - a potion of flight
Comestibles
 f - 3 bread rations {@e1}
 j - a royal jelly
 p - 3 fruits


   Skills:
 - Level 1.5 Fighting
 * Level 3.8 Staves
 - Level 2.0 Throwing
 - Level 4.4 Dodging


You had 3 spell levels left.
You didn't know any spells.

Dungeon Overview and Level Annotations

Branches:
Dungeon (3/15)

Altars:

Annotations:
D:3 1 transporter


Innate Abilities, Weirdness & Mutations

You are very small and have problems with some larger weapons.
You are too small for most types of armour.
You have supernaturally acute eyesight. (SInv)
You are a herbivore.
You cover ground extremely quickly.
You need consume almost no food.


Message History

You now have 140 gold pieces (gained 9). 3 orcs and an orc wizard come into view.
The orc wizard is wielding a dagger of electrocution.
The orc shouts! x2; The orc wizard shouts!
Unknown command.
As you read the scroll labeled KICLAC SULA, it crumbles to dust.
You feel blessed for a moment.
It was a scroll of remove curse.
Okay, then.
As you read the scroll labeled OCETHR YMULIPH, it crumbles to dust.
It is a scroll of enchant armour.
Your +0 hat glows green for a moment.
As you read the scroll labeled OFYKAT ROUGU, it crumbles to dust.
It is a scroll of identify.
l - a potion of curing
As you read the scroll of identify, it crumbles to dust.
t - a potion of flight
Okay, then.
You barely miss the orc. The orc completely misses you.
You sock the orc!
You kill the orc!
The orc wizard points at you and mumbles some strange words.
The puff of flame misses you.
As you read the scroll labeled YSEMPOUTIM, it crumbles to dust.
The creatures around you are filled with an inner flame!
It was a scroll of immolation.
The orc wizard hits you with a dagger of electrocution.
You are electrocuted!
You take 14 damage, and have 8/22 hp.
MASSIVE DAMAGE!!
Unknown command.
The orc wizard points at you and mumbles some strange words.
The puff of flame hits you!
* * * LOW HITPOINT WARNING * * *
You take 6 damage, and have 2/22 hp.
MASSIVE DAMAGE!!
You feel better.
You regained 7 hp, and now have 9/22 hp.
You aren't carrying any items that you can evoke.
Unknown command.
Quiver which item? (- for none, * to show all) (? for menu, Esc to quit)
Okay, then.
You aren't carrying any items that you can evoke.
Unknown command.
Okay, then.
It was a potion of invisibility.
You fade into invisibility!
You are very lightly contaminated with residual magic.
You aren't carrying any items that you can evoke.
Unknown command.
Quiver which item? (- for none, * to show all) (? for menu, Esc to quit)
Okay, then.
There is a transporter landing site here.
There is a transporter here.
You enter the transporter and appear at another place.
You now have 151 gold pieces (gained 11).
There is a transporter landing site here.
You see here a short sword.
l - a short sword
o - a wand of flame (?/48)
You flicker for a moment.
Unknown command.
There are no items here.
Drop what? 18/52 slots (_ for help) (? for menu, Esc to quit)
You drop a short sword.
You start resting.
You flicker back into view.
Unknown command.
You start resting.
Your magical contamination has completely faded away.
You regained 3 hp, and now have 15/22 hp.
Unknown command.
You start resting.
Health restored: 22 Unknown command.
You open the door.
Okay, then.
You close the door.
There's nothing to close nearby.
You open the door.
The electric eel shoots out a bolt of lightning at you!
The bolt of electricity misses you.
The bolt of electricity hits the plant. x2
Aim: an electric eel The puff of flame hits the electric eel.
Evoking this partially-identified wand wasted a few charges.
The electric eel is engulfed in a cloud of scalding steam.
The electric eel shoots out a bolt of lightning at you!
The bolt of electricity hits you! The bolt of electricity misses you.
You take 7 damage, and have 15/22 hp.
MASSIVE DAMAGE!!
Unknown command.
Aim: an electric eel The puff of flame misses the electric eel.
Evoking this partially-identified wand wasted a few charges.
The electric eel is engulfed in a cloud of scalding steam. x2
The electric eel shoots out a bolt of lightning at you!
The bolt of electricity hits you!
* * * LOW HITPOINT WARNING * * *
The bolt of electricity hits you!
Ouch! That really hurt!
You die...

#.......#......[# #
#.......###.....# ..##.#
#.......# #.....# ...#.#
#####.......# #.....# #.#.#
............###.....#########...#
.##.......#.#...................#
.......####.#.###############....
.#.....# #.#.#8P#≈≈≈≈≈≈≈#P8#.#..
.#.....# #...#.@#..≈≈≈≈≈#..#....
....#######..©#©.'..≈♣≈≈≈+$©#©...
....##.....#..#.)#..≈≈P≈P#..#....
....##.....##.#8P#;;≈≈≈≈≈#P8#....
....##.....##.###############...#
................oo..............#
....##.......#################.).
....##..(....# #.........<.....#.
....##.......# #.###############.


You could see 2 electric eels, an orc wizard and an orc.

Vanquished Creatures
  4 adders (D:2)
  An ooze (D:3)
  2 worms
  2 dart slugs (D:1)
  An orc (D:3)
  2 giant cockroaches
  6 hobgoblins
  2 ball pythons
  2 bats (D:1)
  4 frilled lizards
  2 goblins (D:2)
  4 kobolds
  4 rats
36 creatures vanquished.

Notes
Turn   | Place    | Note
-------+----------+-------------------------------------------
     0 | D:1      | Charmandara the Spriggan Gladiator began the quest for the Orb.
     0 | D:1      | Reached XP level 1. HP: 10/10 MP: 2/2
   237 | D:1      | Reached XP level 2. HP: 14/14 MP: 3/3
   819 | D:2      | Reached skill level 3 in Staves
   987 | D:2      | Reached XP level 3. HP: 18/18 MP: 4/4
  1472 | D:2      | Reached XP level 4. HP: 21/22 MP: 5/5
  1634 | D:3      | Found a transporter.
  1734 | D:3      | Found a transporter.
  1789 | D:3      | HP: 2/22 [orc wizard/puff of flame (6)]
  2003 | D:3      | Killed from afar by an electric eel

Vault maps used:
D:1:      sevenhm_arrival_forest_fort_large_2
D:2:      kennysheep_generic_room_11
D:3:      gammafunk_steamed_eel, marbit_many_paths

Skill      XL: |  1  2 |
---------------+-------+-----
Staves         | 3 |  3.8
Fighting       | |  1.5
Throwing       | |  2.0
Dodging        | |  4.4

Action                   |  1- 3 |  4- 6 || total
-------------------------+-------+-------++-------
Melee: Quarterstaff      |    87 |    13 ||   100
Throw: Throwing net      |     1 |       ||     1
Evoke: Wand              |       |     2 ||     2
  Use: Scroll            |       |     5 ||     5
       Potion            |       |     2 ||     2
 Stab: Distracted        |     1 |       ||     1
       Sleeping          |     1 |       ||     1
       Held in net/web   |     1 |       ||     1
Armor: Robe              |     4 |     1 ||     5
Dodge: Dodged            |    60 |    11 ||    71

Table legend:
 A = Spawn XP
 B = Non-spawn XP
 C = Spawn XP percentage of total XP
 D = Spawn monster count
 E = Non-spawn monster count
 F = Spawn count percentage of total count
 G = Total turns spent on level
                    A         B        C        D         E        F      G
               +---------+---------+-------+---------+---------+-------+---------
         Total |       0 |     123 |   0.0 |       0 |      36 |   0.0 |  2003
               +---------+---------+-------+---------+---------+-------+---------
           D:1 |       0 |      28 |   0.0 |       0 |      16 |   0.0 |   915
           D:2 |       0 |      80 |   0.0 |       0 |      17 |   0.0 |   657
           D:3 |       0 |      15 |   0.0 |       0 |       3 |   0.0 |   431
               +---------+---------+-------+---------+---------+-------+---------

Vault maps used:
D:1:      sevenhm_arrival_forest_fort_large_2
D:2:      kennysheep_generic_room_11
D:3:      gammafunk_steamed_eel, marbit_many_paths

Table legend:
 A = Turns spent in this place as a percentage of turns spent in the entire game.
 B = Non-inter-level travel turns spent in this place as a percentage of non-inter-level travel turns spent in the entire game.
 C = Inter-level travel turns spent in this place as a percentage of turns spent in this place.
 D = Turns resting spent in this place as a percentage of non-inter-level travel turns spent in this place.
 E = Turns spent auto-exploring this place as a percentage of non-inter-level travel turns spent in this place.
 F = Non-inter-level travel turns spent in this place divided by the number of levels of this place that you've seen.
                   A       B       C       D       E      F
               +-------+-------+-------+-------+-------+----------------------
         Total | 100.0 | 100.0 |   7.6 |  18.0 |  59.2 | 617.0
       Dungeon | 100.0 | 100.0 |   7.6 |  18.0 |  59.2 | 617.0
               +-------+-------+-------+-------+-------+----------------------

Table legend:
 A = Kills in this place as a percentage of kills in entire the game.
 B = Kills by you in this place as a percentage of kills by you in the entire game.
 C = Kills by friends in this place as a percentage of kills by friends in the entire game.
 D = Other kills in this place as a percentage of other kills in the entire game.
 E = Experience gained in this place as a percentage of experience gained in the entire game.
 F = Experience gained in this place divided by the number of levels of this place that you have seen.
                   A       B       C       D       E      F
               +-------+-------+-------+-------+-------+----------------------
         Total | 100.0 | 100.0 |   N/A |   N/A | 100.0 |  41.0
       Dungeon | 100.0 | 100.0 |   N/A |   N/A | 100.0 |  41.0
               +-------+-------+-------+-------+-------+----------------------
